 Dungeon Crawl Stone Soup version 0.19-a0-569-g984bae3 (webtiles) character file.

7427 shmeve the Nimble (level 10, -3/120 HPs)
             Began as a Vampire Berserker on June 8, 2016.
             Was a High Priest of Trog.
             Engulfed by an ice dragon's freezing vapour (10 damage)
             ... on level 1 of the Lair of Beasts on June 9, 2016.
             The game lasted 00:22:03 (8947 turns).

shmeve the Nimble (Vampire Berserker)               Turns: 8947, Time: 00:22:03

Health: -3/120     AC: 18    Str: 24    XL:     10   Next: 93%
Magic:  10/10      EV: 16    Int: 10    God:    Trog [*****.]
Gold:   748        SH:  6    Dex: 14    Spells: 0 memorised, 9 levels left

rFire  + + .     SeeInvis +     a - +0 hand axe
rCold  . . .     Gourm    .     r - +5 ring mail "Jecweyt" {rF++ Stlth+}
rNeg   . . .     Faith    .     d - +0 buckler
rPois  .         Spirit   .     m - +2 helmet
rElec  .         Dismiss  .     y - +0 cloak
rCorr  .         Reflect  .     E - +0 pair of gloves
SustAt .         Harm     .     x - +0 pair of boots
MR     +....                    N - amulet of regeneration
Stlth  ..........               M - +2 ring of protection
                                e - ring of flight

@: berserking, regenerating quickly, very quick, somewhat resistant to hostile
enchantments, extremely unstealthy
A: fangs 3, see invisible, unbreathing
a: Berserk, Trog's Hand, Brothers in Arms, Burn Spellbooks, Renounce Religion,
Evoke Flight


You were on level 1 of the Lair of Beasts.
You worshipped Trog.
Trog was extremely pleased with you.
You were very full.

You visited 2 branches of the dungeon, and saw 11 of its levels.

You collected 748 gold pieces.

Inventory:

Hand Weapons
 a - a +0 hand axe (weapon)
Armour
 d - a +0 buckler (worn)
 m - a +2 helmet (worn)
 r - the +5 ring mail "Jecweyt" (worn) {rF++ Stlth+}
   (You found it on level 4 of the Dungeon)

   It greatly protects you from fire.
   It makes you more stealthy.
 x - a +0 pair of boots (worn)
 y - a +0 cloak (worn)
 E - a +0 pair of gloves (worn)
Jewellery
 e - a ring of flight (left hand)
 M - a +2 ring of protection (right hand)
 N - an amulet of regeneration (around neck)
 O - a +2 amulet of reflection {unknown}
Wands
 f - a wand of heal wounds (4/9)
 s - a wand of flame (23/48)
 u - a wand of flame (26/48)
 F - a wand of slowing (23/48)
 H - a wand of iceblast (12/15)
 L - a wand of teleportation (4/9)
Scrolls
 b - a scroll of enchant armour {unknown}
 i - 16 scrolls of identify {unknown}
 k - 3 scrolls of teleportation {unknown}
 n - a scroll of enchant weapon {unknown}
 o - 3 scrolls of noise {unknown}
 w - a scroll of remove curse {unknown}
 z - a scroll of fog {unknown}
 C - 5 scrolls of recharging {unknown}
 D - 4 scrolls of random uselessness {unknown}
 G - a scroll of vulnerability {unknown}
 I - a scroll of amnesia {unknown}
 J - a scroll of fear {unknown}
Potions
 c - 8 potions of blood
 g - 4 potions of curing
 h - 3 potions of brilliance {unknown}
 j - a potion of agility {unknown}
 l - 3 potions of degeneration {unknown}
 p - 3 potions of mutation {unknown}
 q - a potion of resistance {unknown}
 t - a potion of flight {unknown}
 v - a potion of cure mutation {unknown}
 A - 3 potions of lignification {unknown}
 B - 4 potions of might {unknown}
 K - 2 potions of invisibility {unknown}


   Skills:
 * Level 7.8 Fighting
 * Level 7.5 Axes
 - Level 1.5 Armour
 * Level 9.1 Dodging
 + Level 8.5 Stealth
 * Level 7.5 Shields


You had 9 spell levels left.
You didn't know any spells.

Dungeon Overview and Level Annotations

Branches:
Dungeon (10/15)            Temple (0/1) D:5            Lair (1/8) D:10
    Orc: D:9-12

Altars:
Fedhas
Gozag
Hepliaklqana
Kikubaaqudgha
Makhleb
Nemelex Xobeh
Okawaru
Pakellas
Qazlal
Trog
The Shining One


Innate Abilities, Weirdness & Mutations

Your natural rate of healing is unusually fast.
You have razor-sharp teeth.
You have supernaturally acute eyesight. (SInv)
You can survive without breathing.


Message History

Found 11 gold pieces and a sapphire potion.
You enter the shallow water.
Moving in this stuff is going to be slow.
The ice dragon breathes frost at you. The blast of cold hits you!
Found three items.
You are engulfed in freezing vapours.
Found a polished flail and a pitted leather armour.
You hit the ice dragon.
You bite the ice dragon, but do no damage.
The ice dragon is lightly wounded.
You hit the electric eel.
The electric eel is lightly wounded.
The ice dragon breathes frost at you. The blast of cold hits you!
* * * LOW HITPOINT WARNING * * *
A red film seems to cover your vision as you go berserk!
You feel yourself moving faster!
You feel mighty!
You feel somewhat less full.
You are engulfed in freezing vapours.
You die...

#############
###..≈≈≈≈....!#
##....≈≈≈....!:[
###......§@D..$$|)
#####.........≈;≈≈$$##
###.............≈≈≈≈≈≈#
..|.#####........≈≈≈≈##
##### ##.......≈≈≈##
####...≈≈≈≈# #########
## .#


You could see an ice dragon and an electric eel.

Vanquished Creatures
  A centaur warrior (D:9)
  A hill giant (D:10)
  Joseph (D:7)
  A spiny frog (Lair:1)
  A troll (D:9)
  Grinder (D:3)
  Sigmund (D:4)
  A wraith (D:10)
  A wyvern (D:8)
  A hungry ghost (D:10)
  Edmund (D:4)
  A water moccasin (Lair:1)
  A soldier ant (D:10)
  Duvessa (D:6)
  A sky beast (D:7)
  An orc warrior (D:10)
  A black bear (D:8)
  4 ogres
  2 phantoms
  A necrophage (D:10)
  5 centaurs
  2 big kobolds
  Blork the orc (D:4)
  5 giant frogs
  Dowan (D:6)
  3 scorpions
  2 wyvern skeletons
  3 killer bees (D:7)
  A wight (D:10)
  6 howler monkeys
  15 crimson imps
  2 centaur zombies
  A centaur skeleton (D:8)
  3 jellies
  Crazy Yiuf (D:4)
  2 hounds
  4 orc priests
  2 orc wizards (D:7)
  3 iguanas
  A gnoll shaman (D:5)
  Terence (D:3)
  5 worker ants
  A hound zombie (D:8)
  4 gnolls (D:5)
  10 adders
  A river rat (D:10)
  6 shadow imps
  2 white imps (D:10)
  An ooze (D:2)
  An adder skeleton (D:8)
  2 adder zombies
  4 worms
  A dart slug (D:4)
  7 giant geckos
  26 orcs
  A ball python (D:1)
  7 giant cockroaches
  12 goblins
  10 hobgoblins
  4 jackals
  14 kobolds
  8 quokkas
  4 bats
  A giant gecko skeleton (D:5)
  A giant gecko zombie (D:8)
  6 giant newts
  A quokka skeleton (D:4)
  A quokka zombie (D:6)
  18 rats
  2 fungi (D:10)
249 creatures vanquished.

Notes
Turn   | Place    | Note
--------------------------------------------------------------
     0 | D:1      | shmeve the Vampire Berserker began the quest for the Orb.
     0 | D:1      | Reached XP level 1. HP: 17/17 MP: 1/1
   299 | D:1      | Reached XP level 2. HP: 22/23 MP: 2/2
   311 | D:1      | Reached skill level 1 in Shields
   434 | D:1      | Reached skill level 1 in Stealth
   823 | D:1      | Reached XP level 3. HP: 28/28 MP: 3/3
  1037 | D:1      | Reached ** piety under Trog
  1610 | D:2      | Reached XP level 4. HP: 21/34 MP: 4/4
  2119 | D:3      | Noticed Grinder
  2135 | D:3      | Killed Grinder
  2135 | D:3      | Reached skill level 3 in Dodging
  2135 | D:3      | Reached XP level 5. HP: 41/41 MP: 5/5
  2135 | D:3      | Reached XP level 6. HP: 47/47 MP: 6/6
  2166 | D:3      | Found a hazy altar of Hepliaklqana.
  2258 | D:3      | Reached skill level 4 in Dodging
  2298 | D:3      | Noticed Terence
  2312 | D:3      | Killed Terence
  2461 | D:3      | Reached *** piety under Trog
  2761 | D:4      | Reached XP level 7. HP: 28/54 MP: 7/7
  2860 | D:4      | Found an opulent altar of Gozag.
  2868 | D:4      | Noticed Blork the orc
  2877 | D:4      | Killed Blork the orc
  2893 | D:4      | Got a faintly glowing ring mail
  2904 | D:4      | Identified the +5 ring mail "Jecweyt" {rF++ Stlth+} (You found it on level 4 of the Dungeon)
  3036 | D:4      | Noticed Edmund
  3073 | D:4      | Killed Edmund
  3154 | D:4      | Noticed Sigmund
  3168 | D:4      | Killed Sigmund
  3168 | D:4      | Reached skill level 5 in Dodging
  3377 | D:4      | Reached XP level 8. HP: 59/61 MP: 8/8
  3427 | D:4      | Found an ancient bone altar of Kikubaaqudgha.
  3510 | D:4      | Noticed Crazy Yiuf
  3517 | D:4      | Killed Crazy Yiuf
  3568 | D:5      | Entered Level 5 of the Dungeon
  4064 | D:5      | Reached skill level 5 in Fighting
  4090 | D:5      | Reached skill level 5 in Axes
  4126 | D:5      | Found an iron altar of Okawaru.
  4130 | D:5      | Reached skill level 5 in Stealth
  4266 | D:5      | Found a staircase to the Ecumenical Temple.
  4591 | D:6      | Reached **** piety under Trog
  4602 | D:6      | Noticed Duvessa
  4604 | D:6      | Noticed Dowan
  4612 | D:6      | Killed Duvessa
  4612 | D:6      | Reached skill level 6 in Dodging
  4613 | D:6      | Killed Dowan
  4971 | D:6      | Reached skill level 5 in Shields
  5140 | D:7      | Reached XP level 9. HP: 59/68 MP: 9/9
  5154 | D:7      | Noticed Joseph
  5178 | D:7      | Killed Joseph
  5426 | D:7      | Reached skill level 7 in Dodging
  5513 | D:7      | Received a gift from Trog
  6120 | D:7      | Found a sparkling altar of Nemelex Xobeh.
  6265 | D:8      | Found a bloodstained altar of Trog.
  6265 | D:8      | Found a glowing golden altar of the Shining One.
  6342 | D:8      | Found a burning altar of Makhleb.
  6358 | D:8      | Found a stormy altar of Qazlal.
  6661 | D:8      | Found a blossoming altar of Fedhas.
  6719 | D:8      | Reached ***** piety under Trog
  6719 | D:8      | Reached skill level 8 in Dodging
  6908 | D:9      | Reached XP level 10. HP: 77/77 MP: 10/10
  7095 | D:9      | Received a gift from Trog
  7264 | D:9      | Noticed a centaur warrior
  7273 | D:9      | Killed a centaur warrior
  7302 | D:9      | Found an oddly glowing altar of Pakellas.
  7658 | D:10     | Entered Level 10 of the Dungeon
  7917 | D:10     | Found a staircase to the Lair.
  8546 | D:10     | Noticed a hill giant
  8564 | D:10     | Killed a hill giant
  8695 | D:10     | Reached skill level 9 in Dodging
  8788 | Lair:1   | Entered Level 1 of the Lair of Beasts
  8789 | Lair:1   | Noticed a spiny frog
  8807 | Lair:1   | Killed a spiny frog
  8942 | Lair:1   | Noticed an ice dragon
  8947 | Lair:1   | Engulfed by an ice dragon's freezing vapour

Vault maps used:
D:1:      lemuel_arrival_funnel, minmay_fountain_box
D:2:      st_stairs_4
D:3:      overflow_temple_1_default, uniq_terence, uniq_grinder
D:4:      kennysheep_mini, old_standard_altar, first_bread, uniq_sigmund,
          uniq_edmund, uniq_blork_the_orc, uniq_crazy_yiuf_cottage
D:5:      okawaru_trees_2, temple_fountains, kennysheep_generic_room_2
D:6:      kennysheep_generic_room_12, uniq_duvessa
D:7:      nicolae_overflow_hidden_temple, uniq_joseph
D:8:      nicolae_qazlal_general_emergency, lemuel_round_altar,
          grunt_temple_overflow_open, hangedman_tree_tricks
D:9:      marbit_many_paths, grunt_ministairs_5
D:10:     wad_crossroads, due_lair_maze_entry_diamond, minmay_nine_imps
Lair:1:   dragon1_lemuel, serial_bayou_pond_e, uniq_grum

Skill      XL: |  1  2  3  4  5  6  7  8  9 10 |
---------------+-------------------------------+-----
Shields        | 1 2 3 4 5 6 7 |  7.5
Stealth        | 1 2 3 4 5 7 8 |  8.5
Axes           | 3 4 5 6 7 |  7.5
Fighting       | 3 4 5 6 7 |  7.8
Dodging        | 3 4 5 6 8 9 |  9.1
Armour         | |  1.5

Action                   |  1- 3 |  4- 6 |  7- 9 | 10-12 || total
-------------------------+-------+-------+-------+-------++-------
Melee: Hand axe          |   121 |   144 |   573 |   330 ||  1168
       Bite              |    14 |    21 |    80 |    46 ||   161
Invok: Berserk           |     1 |     3 |    10 |     4 ||    18
       Trog's Hand       |       |     1 |     3 |       ||     4
       Burn Spellbooks   |       |       |     1 |       ||     1
 Stab: Sleeping          |     3 |     2 |    13 |    14 ||    32
  Eat: Corpse            |    13 |    11 |    31 |    15 ||    70
Armor: Animal skin       |    15 |       |       |       ||    15
       Ring mail         |    16 |    26 |   186 |    96 ||   324
Dodge: Dodged            |    81 |    72 |   358 |   187 ||   698
Block: Buckler           |    10 |    27 |   158 |    76 ||   271
